 Dungeon Crawl Stone Soup version 0.18-a0-1702-gd20c6a5 (webtiles) character file.

228 lestiduZ the Ducker (level 5, -1/25 HPs)
             Began as a Felid Berserker on Apr 6, 2016.
             Was a Priest of Trog.
             Slain by a centaur (5 damage)
             ... on level 5 of the Dungeon on Apr 7, 2016.
             The game lasted 00:29:16 (5188 turns).

lestiduZ the Ducker (Felid Berserker)               Turns: 5188, Time: 00:29:17

Health: -1/25      AC:  1    Str: 16    XL:     5   Next: 71%
Magic:  6/6        EV: 21    Int:  8    God:    Trog [***...]
Gold:   227        SH:  0    Dex: 17    Spells: 0 memorised, 4 levels left
                                        Lives:  0   Deaths: 1

rFire  + . .     SeeInvis +       - Unarmed
rCold  . . .     Gourm    .     (armour unavailable)
rNeg   . . .     Faith    .     (shield unavailable)
rPois  .         Spirit   .     (helmet unavailable)
rElec  .         Dismiss  .     (cloak unavailable)
rCorr  .         Reflect  .     (gloves unavailable)
SustAt .         Harm     .     (boots unavailable)
MR     .....                    (no amulet)
Stlth  ++++......               o - ring of protection from fire
                                j - +3 ring of strength

@: quick, not resistant to hostile enchantments, stealthy
A: no armour, no weapons or thrown items, claws 1, fangs 3, see invisible,
carnivore 3, speed 1, shaggy fur 1, slow metabolism 1, sharp paws
a: Berserk, Trog's Hand, Burn Spellbooks, Renounce Religion


You were on level 5 of the Dungeon.
You worshipped Trog.
Trog was most pleased with you.
You were very full.

You visited 1 branch of the dungeon, and saw 5 of its levels.

You collected 227 gold pieces.

Inventory:

Hand Weapons
 u - a +3 quarterstaff of chaos
Jewellery
 j - a +3 ring of strength (left paw)
 o - a ring of protection from fire (right paw)
Wands
 v - a wand of disintegration (11/24)
Scrolls
 b - 4 scrolls of identify {unknown}
 c - 3 scrolls of noise {unknown}
 d - 2 scrolls of immolation {unknown}
 f - a scroll of fog {unknown}
 g - 4 scrolls of teleportation {unknown}
 h - 3 scrolls of blinking {unknown}
 k - 3 scrolls of remove curse {unknown}
 q - 6 scrolls of enchant armour {unknown}
Potions
 e - 3 potions of curing {unknown}
 i - a potion of flight {unknown}
 l - a potion of haste {unknown}
 n - a potion of resistance {unknown}
 p - a potion of degeneration {unknown}
 t - a potion of magic {unknown}
Books
 r - a book of Death

   Spells                             Type                      Level
   a - Corpse Rot                     Necromancy                   2
   b - Sublimation of Blood           Necromancy                   2
   c - Agony                          Necromancy                   5
   d - Dispel Undead                  Necromancy                   5
   e - Excruciating Wounds            Charms/Necromancy            5
   f - Bolt of Draining               Conjuration/Necromancy       5
   Trog disapproves of the use of such an item.
Comestibles
 a - 3 meat rations
 m - a beef jerky
 s - 5 chunks of flesh


   Skills:
 + Level 3.7 Fighting
 + Level 6.1 Dodging
 + Level 4.8 Stealth
 + Level 4.0 Unarmed Combat
 * Level 0.7 Evocations


You had 4 spell levels left.
You didn't know any spells.

Dungeon Overview and Level Annotations

Branches:
Dungeon (5/15)
 Temple: D:4-7

Altars:
Cheibriados
Elyvilon
Fedhas
Kikubaaqudgha
Qazlal
Ru
Sif Muna
Vehumet

Shops:
D:4 }


Innate Abilities, Weirdness & Mutations

You cannot wear armour.
You are incapable of wielding weapons or throwing items.
You have sharp claws.
You have razor-sharp teeth.
You have supernaturally acute eyesight.
You are carnivorous and can eat meat at any time.
You cover ground quickly.
You are covered in fur (AC +1).
You have a slow metabolism.
Your sharp claws are effective at attacking unaware monsters.


Message History

Trog accepts your kill.
Your Unarmed Combat skill increases to level 4!
The centaur wields a shortbow.
The centaur shoots an arrow.
The arrow barely misses you.
The centaur unwields an uncursed shortbow.
The centaur barely misses you.
You see here a hound corpse.
You scratch the centaur but do no damage.
The centaur hits you! The centaur completely misses you.
You scratch the centaur.
The centaur is lightly wounded.
The centaur hits you!
* * * LOW HITPOINT WARNING * * *
You claw the centaur! You bite the centaur.
The centaur is severely wounded.
The centaur closely misses you.
You scratch the centaur but do no damage.
The centaur is severely wounded.
The centaur hits you.
You die...

#...# #...#### ###
#......# ..# #......#
..# #......# ..#
#......# # ..####
#......# ...
.....####......####...##
.....'..'.(....'@c.....#
.....####......####.#..#
.....# #......# .....#
#...#### .....# #####
.....# .....# ..#### ###


You could see a centaur.

Vanquished Creatures
  A hound (D:5)
  Crazy Yiuf (D:3)
  4 worker ants
  5 adders (D:3)
  3 oozes
  A dart slug (D:2)
  A giant gecko (D:3)
  5 orcs (D:3)
  4 giant cockroaches
  11 goblins
  12 hobgoblins
  7 jackals
  A quokka (D:2)
  7 bats
  6 giant newts
  4 kobolds
  7 rats
80 creatures vanquished.

Notes
Turn   | Place    | Note
--------------------------------------------------------------
     0 | D:1      | lestiduZ the Felid Berserker began the quest for the Orb.
     0 | D:1      | Reached XP level 1. HP: 10/10 MP: 2/2
   206 | D:1      | Reached skill level 1 in Stealth
   260 | D:1      | Reached XP level 2. HP: 14/14 MP: 3/3
  1280 | D:2      | Reached XP level 3. HP: 17/17 MP: 4/4
  1564 | D:2      | Reached ** piety under Trog
  1841 | D:2      | Found a stormy altar of Qazlal.
  2132 | D:2      | Reached skill level 5 in Dodging
  2207 | D:2      | Found a white marble altar of Elyvilon.
  2229 | D:2      | Found a deep blue altar of Sif Muna.
  2410 | D:2      | Found a sacrificial altar of Ru.
  2410 | D:2      | Found a snail-covered altar of Cheibriados.
  2411 | D:2      | Found a radiant altar of Vehumet.
  2728 | D:3      | Reached XP level 4. HP: 20/21 MP: 5/5
  3401 | D:3      | Reached *** piety under Trog
  3416 | D:3      | Found an ancient bone altar of Kikubaaqudgha.
  3503 | D:3      | HP: 1/21 [adder (5)]
  3504 | D:3      | Succumbed to an adder's poison
  3505 | D:3      | Reached XP level 3. HP: 0/17 MP: 4/4
  3560 | D:3      | Reached XP level 4. HP: 21/21 MP: 5/5
  3575 | D:3      | Found a blossoming altar of Fedhas.
  3734 | D:3      | Noticed Crazy Yiuf
  3741 | D:3      | Killed Crazy Yiuf
  3887 | D:2      | Found an ancient bone altar of Kikubaaqudgha.
  4503 | D:4      | Found a deep blue altar of Sif Muna.
  4892 | D:4      | Found Muocuopnu's Gadget Shoppe.
  4992 | D:4      | Reached XP level 5. HP: 24/24 MP: 6/6
  5106 | D:5      | Entered Level 5 of the Dungeon
  5114 | D:5      | Reached skill level 6 in Dodging
  5173 | D:5      | Noticed a centaur
  5188 | D:5      | Slain by a centaur

Vault maps used:
D:1:      elethiomel_arrival_shortcut
D:2:      lemuel_upstairs_altar, grunt_qazlal_sundering,
          nicolae_overflow_hidden_temple
D:3:      nicolae_overflow_crystal_walls, kennysheep_crisscross, fedhas_altar_1,
          uniq_crazy_yiuf_cottage
D:4:      serial_shops, nicolae_shop_behind_doors, kennysheep_decorative_pillar,
          lemuel_blue_sif_altar
D:5:      first_bread, uniq_prince_ribbit1, uniq_blork_the_orc

Skill      XL: |  1  2  3  4  5 |
---------------+----------------+-----
Stealth        | 1 2 4 |  4.8
Dodging        | 5 6 |  6.1
Unarmed Combat | 4 |  4.0
Fighting       | |  3.7
Evocations     | |  0.7

Action                   |  1- 3 |  4- 6 || total
-------------------------+-------+-------++-------
Melee: Unarmed           |   108 |    89 ||   197
 Stab: Sleeping          |     8 |     9 ||    17
  Eat: Chunk             |    10 |    10 ||    20
